 Dungeon Crawl Stone Soup version 0.31-a0-175-g9f7f995f2b (webtiles) character file.

Game seed: 742618902108392477

134 pokeman the Magician (level 4, -1/25 HPs)
             Began as a Deep Elf Hedge Wizard on June 17, 2023.
             Slain by a gnoll sergeant
             ... wielding a +0 trident
              (7 damage)
             ... on level 3 of the Dungeon.
             The game lasted 00:04:13 (3202 turns).

pokeman the Magician (Deep Elf Hedge Wizard)        Turns: 3202, Time: 00:04:13

Health: -1/25      AC:  5    Str:  7    XL:     4   Next: 95%
Magic:  5/14       EV: 13    Int: 24    God:
Gold:   114        SH:  0    Dex: 14    Spells: 7/15 levels left

rFire   . . .        a - +0 dagger
rCold   . . .        (no shield)
rNeg    . . .        b - +0 robe
rPois   .            t - +1 helmet {Int+3}
rElec   .            h - +0 cloak
rCorr   .            (no gloves)
SInv    .            (no boots)
Will    .....        (no amulet)
Stlth   ++           (no ring)
HPRegen 0.24/turn    (no ring)
MPRegen 0.14/turn

%: no passive effects
@: on blink cooldown
A: no striking features
a: no special abilities


You were on level 3 of the Dungeon.
You visited 1 branch of the dungeon, and saw 3 of its levels.

You collected 114 gold pieces.

Inventory:

Hand Weapons
 a - a +0 dagger (weapon)
Armour
 b - a +0 robe (worn)
 h - a +0 cloak (worn)
 t - a +1 helmet of intelligence (worn)
Scrolls
 e - a scroll of poison {unknown}
 f - 2 scrolls of immolation {unknown}
 g - 2 scrolls of enchant weapon {unknown}
 l - 6 scrolls of identify {unknown}
 p - a scroll of noise {unknown}
 q - a scroll of enchant armour {unknown}
 r - a scroll of blinking {unknown}
 s - a scroll of fear {unknown}
Potions
 d - a potion of magic
 i - a potion of ambrosia {unknown}
 j - 2 potions of curing {unknown}
 k - a potion of berserk rage {unknown}
 m - a potion of enlightenment {unknown}
 n - a potion of might {unknown}
 o - a potion of attraction {unknown}


   Skills:
 - Level 1.0 Fighting
 - Level 1.0 Armour
 - Level 3.0 Dodging
 - Level 3.0 Stealth
 * Level 6.0 Spellcasting
 + Level 2.4 Conjurations
 - Level 1.1 Summonings
 - Level 1.1 Translocations
 + Level 0.0 Air Magic
 + Level 0.0 Poison Magic


You had 7 spell levels left.
You knew the following spells:

 Your Spells              Type           Power      Damage    Failure   Level
a - Magic Dart            Conj           72%        1d6       3%          1
b - Mephitic Cloud        Conj/Pois/Air  11%        N/A       17%         3
c - Call Imp              Summ           24%        N/A       8%          2
d - Blink                 Tloc           24%        N/A       8%          2

Your spell library contained the following spells:

 Spells                   Type           Power      Damage    Failure   Level
 Slow                     Hex            28%        N/A       8%          1
 Cigotuvi's Dreadful Rot  Necr/Pois/Air  14%        N/A       12%         2


Dungeon Overview and Level Annotations

Branches:
Dungeon (3/15)

Altars:
Fedhas
Qazlal


Message History

You strike the helpless gnoll sergeant from behind!
You puncture the gnoll sergeant!
The gnoll sergeant is moderately wounded.
The gnoll sergeant splashes around in the water.
The gnoll sergeant hits itself with a +0 trident!
You barely miss the gnoll sergeant.
The gnoll sergeant is severely wounded.
You barely miss the gnoll sergeant.
The gnoll sergeant is severely wounded.
You barely miss the gnoll sergeant.
The gnoll sergeant is severely wounded.
You hit the gnoll sergeant.
The gnoll sergeant is severely wounded.
Casting: Mephitic Cloud (extremely dangerous; 17% risk of failure)
Confirm with . or Enter, or press ? or * to list all spells.
The spell is extremely dangerous to miscast (17% risk of failure)!
Continue anyway?
Aiming: Mephitic Cloud (extremely dangerous; 17% risk of failure)
Press: ? - help, Shift-Dir - straight line, f - gnoll sergeant
Aim: a gnoll sergeant, wielding a +0 trident, wearing a +0 scale mail and wearing a +5 ring of evasion (severely wounded, confused, chance to affect: 81%)
The ball explodes into a vile cloud!
The stinking cloud engulfs the gnoll sergeant but does no damage.
The gnoll sergeant is severely wounded.
The gnoll sergeant is engulfed in noxious fumes.
Unknown command.
Unknown command.
You hit the gnoll sergeant.
The gnoll sergeant is severely wounded.
The gnoll sergeant hits you with a +0 trident!
You barely miss the gnoll sergeant.
The gnoll sergeant is severely wounded.
You hit the gnoll sergeant but do no damage.
The gnoll sergeant is severely wounded.
The gnoll sergeant hits you with a +0 trident!
* * * LOW HITPOINT WARNING * * *
Casting: Mephitic Cloud (extremely dangerous; 17% risk of failure)
Confirm with . or Enter, or press ? or * to list all spells.
You blink.
The gnoll sergeant seems less confused.
The gnoll sergeant hits you from afar with a +0 trident!
You die...

#....................
#....####............
#....#..####.....†...
#....#....P###.......
#....#.)~~~~.####....
##...~~.P.P.~..P##...
##g..#.PP###.~PP #### #
####....#PP##.# #~~ # .#
#......@#.##..# # # ..####
###.......###...#### #
....###..)...............# #...
#..[...........#.### ###..##
#..............#...#####
....<.####....#..[......###.....#
.####.##..)##....######## #####.#
#.....#######..##### #.# ##..####
##.....## ##..


You could see a gnoll sergeant.

Vanquished Creatures
  Robin (D:3)
  3 gnolls
  2 adders (D:2)
  A worm (D:3)
  4 dart slugs
  3 ball pythons
  7 endoplasms
  2 giant cockroaches
  12 goblins
  9 hobgoblins
  5 kobolds
  A quokka (D:1)
  4 bats (D:3)
  5 rats
59 creatures vanquished.

Notes
Turn   | Place    | Note
-------+----------+-------------------------------------------
     0 | D:1      | pokeman the Deep Elf Hedge Wizard began the quest for the
                  | Orb.
     0 | D:1      | Reached XP level 1. HP: 10/10 MP: 7/7
   221 | D:1      | Reached XP level 2. HP: 16/16 MP: 1/9
  1028 | D:1      | Reached skill level 5 in Spellcasting
  1320 | D:2      | Reached XP level 3. HP: 20/20 MP: 4/11
  1324 | D:2      | Learned a level 3 spell: Mephitic Cloud
  1327 | D:2      | Learned a level 2 spell: Call Imp
  1330 | D:2      | Learned a level 2 spell: Blink
  1379 | D:2      | Found a stormy altar of Qazlal.
  2044 | D:2      | Reached skill level 1 in Fighting
  2044 | D:2      | Reached skill level 1 in Armour
  2232 | D:3      | Found a blossoming altar of Fedhas.
  2290 | D:3      | Noticed a gnoll sergeant
  2310 | D:2      | Reached XP level 4. HP: 7/25 MP: 1/13
  2568 | D:3      | Noticed Robin
  2601 | D:3      | Killed Robin
  3184 | D:3      | Reached skill level 6 in Spellcasting
  3202 | D:3      | Slain by a gnoll sergeant

Illustrated notes

Levels and vault maps discovered:
D:1:      amcnicky_arrival_gap_in_the_tavern_cellar, layout_basic,
          serial_curves, eino_curves_03, eino_curves_02
D:2:      layout_loops_ring, basic_altar
D:3:      layout_rooms, nicolae_overflow_crystal_walls,
          shapermc_ecumenical_altar_hornbeckon, uniq_robin

Skill      XL: |  1  2  3  4 |
---------------+-------------+-----
Spellcasting   | 5 6 |  6.0
Fighting       | 1 |  1.0
Armour         | 1 |  1.0
Conjurations   | 2 |  2.4
Dodging        | 3 |  3.0
Stealth        | 3 |  3.0
Summonings     | |  1.1
Translocations | |  1.1

Action                     |  1- 3 |  4- 6 || total
---------------------------+-------+-------++-------
  Melee: Dagger            |    13 |    29 ||    42
   Cast: Magic Dart        |    97 |    57 ||   154
         Mephitic Cloud    |     1 |     3 ||     4
         Blink             |       |     1 ||     1
         Call Imp          |       |     1 ||     1
   Stab: Confused          |     1 |     3 ||     4
 Armour: Robe              |     6 |     5 ||    11
  Dodge: Dodged            |    15 |    19 ||    34

Table legend: (Time is in decaauts)
 A = Elapsed time spent in this place.
 B = Non-inter-level travel time spent in this place.
 C = Inter-level travel time spent in this place.
 D = Time resting spent in this place.
 E = Time spent auto-exploring this place.
 F = Levels seen in this place.
 G = Mean time per level.
                   A        B        C        D        E       F      G
               +--------+--------+--------+--------+--------+-----+--------+
         Total |   3207 |   3089 |    118 |    140 |   2534 |   3 | 1069.0 |
       Dungeon |   3207 |   3089 |    118 |    140 |   2534 |   3 | 1069.0 |
               +--------+--------+--------+--------+--------+-----+--------+

Top non-repeatable levels by time:
     D:1: 1281 daAuts
     D:2: 1218 daAuts
     D:3: 707 daAuts
